Map: Dusk Towers

Players

Jimtoni - Winner!

  • Race: Terran Terran
  • League: Master

RotterdaM

  • Race: Protoss Protoss
  • League: Master

VOD

Have the link to the VOD?

Description

Time

  • Played on: June 30, 2016, 10:39 p.m.
  • Length: 13:01
Show
View Real Time Build Order
Export as new Build Order

Jimtoni Terran - Winner!

Build Orders: Reaper Expand, MMM Bio 

Get SALT Encoding   

  12  0:00  SCV  
  13  0:13  SCV  
  14  0:18  Supply Depot  
  14  0:25  SCV  
  15  0:39  SCV  
  15  0:41  Barracks  
  16  0:43  Refinery  
  16  0:51  SCV  
  17  1:03  SCV  
  18  1:15  SCV  
  19  1:28  Reaper  
  19  1:29  Orbital Command  
  20  1:40  Command Center  
  20  1:48  Supply Depot  
  20  1:54  SCV  
  20  2:01  Barracks Reactor  
  21  2:04  Barracks  
  21  2:06  SCV  
  22  2:12  Bunker  
  22  2:18  SCV  
  22  2:22  Engineering Bay  
  23  2:30  SCV  
  24  2:37  Marine x2  
  24  2:42  SCV  
  27  2:48  Terran Infantry Weapons Level 1  
  26  2:52  Orbital Command  
  26  2:53  Barracks Tech Lab  
  26  2:58  Refinery  
  26  3:01  Marine x2  
  26  3:03  SCV  
  29  3:09  Supply Depot  
  29  3:14  Stimpack  
  29  3:15  SCV  
  29  3:18  SCV  
  31  3:22  Marine  
  31  3:23  Marine  
  33  3:27  SCV  
  33  3:28  Marauder  
  33  3:30  SCV  
  37  3:34  Supply Depot  
  37  3:39  SCV  
  38  3:41  Marine x2  
  38  3:44  SCV  
  41  3:51  Marauder  
  41  3:52  SCV  
  41  3:55  Factory  
  44  3:57  SCV  
  44  4:00  Supply Depot  
  45  4:04  Marine x2, SCV  
  45  4:09  SCV  
  49  4:14  Marauder  
  49  4:16  SCV  
  52  4:22  Supply Depot, SCV  
  53  4:24  Marine  
  53  4:25  Refinery, Marine  
  53  4:28  SCV  
  56  4:34  SCV  
  56  4:37  Marauder  
  59  4:40  SCV  
  59  4:43  Starport  
  59  4:45  Factory Reactor  
  60  4:46  SCV  
  60  4:47  Supply Depot  
  60  4:50  Marine x2  
  63  4:54  SCV  
  63  4:56  Terran Infantry Armor Level 1  
  63  4:58  Marauder, SCV  
  67  5:06  SCV  
  68  5:08  Marine x2  
  68  5:10  SCV  
  71  5:16  Supply Depot  
  71  5:17  Supply Depot  
  71  5:18  SCV, Combat Shields  
  71  5:20  Marauder  
  74  5:22  SCV  
  75  5:30  SCV, Barracks  
  75  5:34  Medivac x2, Widow Mine, SCV  
  83  5:36  Marine x2  
  84  5:42  Missile Turret  
  84  5:44  Missile Turret  
  84  5:45  SCV  
  84  5:49  SCV  
  86  5:52  Supply Depot  
  86  5:55  Supply Depot  
  86  5:57  Marine, SCV  
  86  5:58  Marine  
  86  6:01  SCV  
  90  6:04  Factory Reactor  
  90  6:09  SCV  
  91  6:11  Marauder  
  91  6:13  SCV  
  91  6:16  Engineering Bay  
  91  6:17  Marine x2  
  94  6:18  Barracks Reactor, Armory  
  94  6:21  Supply Depot, SCV  
  95  6:31  SCV  
  96  6:33  Marauder  
  96  6:34  SCV  
  96  6:39  Marine x2  
  101  6:41  Command Center  
  101  6:43  SCV  
  101  6:46  SCV  
  103  6:55  SCV  
  103  6:57  Barracks  
  103  6:58  SCV  
  103  7:01  Concussive Shells, Barracks  
  105  7:02  Marine x5  
  105  7:07  Supply Depot, SCV  
  111  7:10  Terran Infantry Weapons Level 2, SCV  
  111  7:14  Terran Infantry Armor Level 2  
  112  7:18  Medivac  
  112  7:19  Medivac  
  112  7:22  Marine x2  
  118  7:24  Marine  
  118  7:25  Marine  
  118  7:29  Missile Turret  
  120  7:33  SCV x2  
  120  7:35  Missile Turret  
  122  7:39  Supply Depot, Widow Mine x2  
  126  7:45  SCV  
  126  7:46  Marine, SCV  
  126  7:47  Marine  
  126  7:51  Barracks Tech Lab  
  130  7:53  Barracks Reactor, Marine x2  
  130  7:55  Liberator  
  130  7:57  Liberator  
  130  7:58  SCV  
  133  7:59  Orbital Command  
  133  8:01  Refinery  
  133  8:03  Refinery  
  133  8:07  Missile Turret  
  133  8:09  Missile Turret, SCV  
  133  8:10  SCV  
  138  8:15  Marine  
  132  8:21  SCV  
  132  8:26  Marauder, Marine x2  
  124  8:29  SCV  
  115  8:36  Widow Mine x2  
  115  8:37  Marine x4  
  115  8:38  Marauder  
  113  8:44  Marine  
  113  8:45  Marine  
  113  8:48  Marauder  
  103  8:50  Barracks  
  103  8:55  Medivac, Marine x4  
  104  8:57  Medivac  
  104  8:58  Marine  
  104  9:02  Marine x2  
  102  9:08  Barracks  
  102  9:09  Marauder  
  106  9:12  Marine x2, Barracks  
  106  9:13  Marine x2  
  106  9:15  Missile Turret  
  112  9:17  Marauder  
  112  9:18  Widow Mine x2  
  112  9:20  Marine x2  
  112  9:21  Supply Depot  
  112  9:23  Supply Depot  
  118  9:30  Marine x4  
  118  9:31  Marine  
  123  9:36  SCV x3  
  123  9:38  Marine x3  
  128  9:39  Supply Depot, Barracks Tech Lab  
  129  9:48  Marauder, Marine x4  
  129  9:49  Medivac x2, Widow Mine x2  
  129  9:51  Command Center  
  143  9:56  Marauder, Marine x2  
  143  9:57  Marine  
  143  9:59  Supply Depot  
  149  10:04  Terran Infantry Weapons Level 3  
  149  10:05  Supply Depot  
  149  10:06  Marine x3  
  149  10:07  Marine  
  152  10:09  Barracks Tech Lab  
  152  10:10  Marauder  
  150  10:16  Marine x2  
  150  10:17  Marauder x2, SCV x2  
  157  10:21  Barracks Tech Lab  
  157  10:24  Marine x3  
  157  10:26  SCV  
  157  10:28  Marine x2  
  162  10:29  SCV  
  162  10:31  Marauder  
  162  10:33  Liberator  
  162  10:34  Marine  
  161  10:38  Marauder  
  161  10:39  Marauder  
  161  10:42  Marine x2  
  129  10:43  Marine x3  
  129  10:46  Marauder, Marine  
  130  10:50  Supply Depot  
  130  10:52  Marauder, Marine  
  130  10:54  Medivac, Command Center  
  138  10:58  Refinery  
  138  11:00  Marauder x2, Marine x3  
  138  11:01  Marine x2  
  138  11:04  Marine  
  148  11:07  Marine  
  148  11:10  Marine  
  146  11:13  Marine  
  146  11:18  Marine x3  
  137  11:19  Marauder  
  137  11:24  Medivac, Marine x3  
  137  11:25  Marauder, Marine  
  146  11:27  Widow Mine x2, Marine  
  146  11:32  Marauder  
  154  11:35  Supply Depot  
  154  11:36  Marine x3  
  157  11:40  Marine  
  157  11:43  Orbital Command  
  157  11:48  Marauder, Marine x3  
  162  11:56  Medivac x2  
  162  11:57  Marine x5  
  162  11:58  Marauder  
  173  12:08  Supply Depot  
  173  12:18  Refinery x2  
  173  12:19  Marine  
  173  12:20  Marauder, Marine x5  
  173  12:21  Marauder x2  
  185  12:23  Marine x2  
  185  12:27  Orbital Command  
  187  12:34  Supply Depot  
  191  12:37  Marine x3  
  191  12:38  Marine x3  
  191  12:42  Marine x3  
Show
View Real Time Build Order
Export as new Build Order

RotterdaM Protoss 

Build Orders: 1 Gate Expand, Blink Stalkers 

Get SALT Encoding   

  12  0:01  Probe (Chrono Boost)  
  13  0:12  Probe (Chrono Boost)  
  14  0:18  Pylon  
  14  0:22  Probe (Chrono Boost)  
  15  0:36  Probe (Chrono Boost)  
  15  0:37  Gateway  
  16  0:43  Assimilator  
  16  0:47  Probe (Chrono Boost)  
  17  0:57  Probe (Chrono Boost)  
  18  1:08  Probe (Chrono Boost)  
  20  1:18  Probe (Chrono Boost)  
  20  1:24  Cybernetics Core  
  20  1:35  Nexus  
  20  1:38  Probe (Chrono Boost)  
  21  1:45  Pylon  
  21  1:48  Probe (Chrono Boost)  
  21  1:54  Assimilator  
  22  1:59  Probe (Chrono Boost)  
  23  2:03  Stalker (Chrono Boost)  
  23  2:06  Warp Gate  
  25  2:10  Probe  
  26  2:19  Pylon  
  26  2:22  Probe (Chrono Boost)  
  27  2:31  Stalker  
  27  2:34  Probe (Chrono Boost)  
  30  2:44  Probe (Chrono Boost)  
  30  2:49  Probe (Chrono Boost)  
  32  2:53  Twilight Council  
  32  2:55  Probe (Chrono Boost)  
  33  2:59  Probe (Chrono Boost)  
  35  3:05  Probe (Chrono Boost)  
  35  3:08  Robotics Facility  
  35  3:10  Probe (Chrono Boost)  
  35  3:12  Assimilator  
  36  3:16  Probe (Chrono Boost)  
  37  3:20  Probe (Chrono Boost)  
  37  3:21  Blink  
  37  3:25  Pylon  
  37  3:26  Probe (Chrono Boost)  
  39  3:31  Probe (Chrono Boost)  
  40  3:37  Probe (Chrono Boost)  
  41  3:42  Probe (Chrono Boost)  
  41  3:48  Mothership Core (Chrono Boost)  
  44  3:52  Probe (Chrono Boost)  
  44  3:55  Observer (Chrono Boost)  
  46  4:02  Gateway  
  46  4:03  Probe, Gateway  
  46  4:08  Probe  
  48  4:11  Stalker  
  48  4:16  Probe, Observer (Chrono Boost)  
  52  4:20  Probe  
  53  4:28  Probe  
  53  4:30  Pylon  
  54  4:32  Probe  
  54  4:34  Nexus, Observer (Chrono Boost)  
  56  4:40  Probe  
  56  4:43  Stalker  
  56  4:45  Pylon, Probe  
  60  4:52  Probe  
  62  4:53  Observer (Chrono Boost)  
  62  4:57  Stalker x2  
  66  5:06  Pylon  
  66  5:09  Charge  
  66  5:10  Pylon  
  66  5:14  Probe x2  
  68  5:23  Zealot  
  68  5:24  Zealot x2  
  68  5:26  Probe  
  74  5:28  Gateway  
  74  5:29  Gateway  
  74  5:32  Gateway  
  74  5:37  Gateway  
  74  5:42  Gateway  
  74  5:47  Probe  
  74  5:48  Probe x2  
  77  5:50  Sentry  
  77  5:51  Zealot  
  77  5:53  Zealot  
  83  5:57  Probe  
  83  6:00  Probe  
  85  6:05  Pylon  
  85  6:07  Pylon  
  85  6:08  Pylon, Probe  
  84  6:20  Zealot  
  84  6:21  Zealot x2  
  90  6:27  Stalker x3  
  96  6:43  Zealot x2  
  96  6:44  Zealot x3  
  106  6:56  Zealot x3  
  106  7:00  Probe x2  
  114  7:05  Forge  
  114  7:06  Forge  
  114  7:07  Zealot x5  
  114  7:08  Warp Prism  
  126  7:20  Stalker x3  
  132  7:32  Nexus  
  132  7:33  Pylon  
  132  7:43  Protoss Shields Level 1 (Chrono Boost)  
  132  7:44  Protoss Ground Weapons Level 1 (Chrono Boost)  
  132  7:53  Zealot x4  
  140  8:00  Gateway  
  140  8:02  Gateway  
  140  8:05  Gateway  
  92  8:27  Zealot x4  
  92  8:28  Zealot x4  
  102  8:39  Immortal  
  96  8:43  Probe x2  
  96  8:44  Probe  
  96  8:45  Zealot x3  
  89  9:02  Stalker x3  
  91  9:03  Stalker x2, Zealot x2  
  91  9:04  Zealot x2  
  91  9:09  Probe  
  106  9:11  Probe  
  106  9:12  Probe x2  
  109  9:17  Zealot x2, Warp Prism  
  109  9:22  Stargate  
  109  9:24  Stargate  
  115  9:25  Assimilator  
  115  9:26  Assimilator  
  115  9:27  Sentry  
  115  9:28  Zealot x5  
  115  9:29  Zealot  
  115  9:30  Assimilator  
  129  9:40  Probe  
  129  9:41  Probe x3  
  133  9:47  Protoss Shields Level 2 (Chrono Boost)  
  133  9:48  Protoss Ground Weapons Level 2 (Chrono Boost)  
  133  9:57  Zealot x5  
  133  9:58  Zealot x4  
  151  10:08  Phoenix x2  
  153  10:16  Zealot  
  153  10:17  Zealot x5  
  145  10:38  Probe  
  145  10:39  Probe x2  
  145  10:40  Pylon  
  145  10:41  Observer  
  130  10:43  Pylon  
  130  10:47  Nexus  
  130  10:50  Pylon, Fleet Beacon  
  130  10:54  Probe x3  
  133  11:01  Zealot x2  
  133  11:02  Zealot x2  
  141  11:06  Probe  
  104  11:19  Zealot x2  
  104  11:20  Zealot x3  
  104  11:27  Zealot x3  
  106  11:38  Probe  
  107  11:43  Tempest (Chrono Boost)  
  111  11:47  Tempest (Chrono Boost)  
  113  12:08  Pylon  
  113  12:10  Pylon  
  113  12:11  Sentry x2  
  117  12:22  Zealot x3  
  121  12:23  Zealot x3  
  129  12:32  Zealot x2  
  129  12:33  Zealot  
  107  12:54  Zealot x5  
  107  12:55  Zealot x3  
Tags
 
Add a new tag
Caveats
  • Supply blocks, unpowered buildings, or Contaminate may cause inaccurate times.
  • Supply counts are checked every 10 seconds.